 Dungeon Crawl Stone Soup version 0.28.0 (webtiles) character file.

Game seed: 1663965658372086912

94 Sanktem7 the Magician (level 4, -2/31 HPs)
             Began as a Djinni Hedge Wizard on Feb 16, 2022.
             Slain by an ice beast (12 damage)
             ... on level 4 of the Dungeon.
             The game lasted 00:13:03 (4642 turns).

Sanktem7 the Magician (Djinni Hedge Wizard)         Turns: 4642, Time: 00:13:04

Health: -2/31      AC:  4    Str:  9    XL:     4   Next: 94%
Gold:   113        EV: 12    Int: 17    God:
                   SH:  0    Dex: 13

rFire   + + .      SeeInvis .   k - +2 short sword (elec)
rCold   x . .      Faith    .   (no shield)
rNeg    . . .      Spirit   .   n - +0 leather armour
rPois   ∞          Reflect  .   c - +0 hat
rElec   .          Harm     .   (no cloak)
rCorr   .          Rampage  .   f - +0 pair of gloves
Will    .....                   (boots unavailable)
Stlth   ++........              (no amulet)
HPRegen 0.10/turn               (no ring)
MPRegen 0.00/turn               (no ring)

@: flying
A: sickness immunity, fire resistance 2, cold vulnerability 1, float, innate
caster, HP casting, extra vitality 1
a: no special abilities


You were on level 4 of the Dungeon.
You visited 1 branch of the dungeon, and saw 4 of its levels.

You collected 113 gold pieces.

Inventory:

Hand Weapons
 a - a +0 dagger
 k - a +2 short sword of electrocution (weapon)
Missiles
 l - a throwing net
Armour
 b - a +0 robe
 c - a +0 hat (worn)
 f - a +0 pair of gloves (worn)
 n - a +0 leather armour (worn)
Wands
 m - a wand of mindburst (11)
 o - a wand of polymorph (9)
Scrolls
 d - a scroll of amnesia
 e - a scroll of fear
 h - a scroll of holy word {unknown}
 i - 2 scrolls of torment {unknown}
 j - a scroll of identify
 p - a scroll of enchant armour {unknown}
 r - a scroll of teleportation {unknown}
Potions
 g - 3 potions of flight
 q - a potion of magic {unknown}


   Skills:
 * Level 2.7 Dodging
 + Level 2.1 Stealth
 * Level 3.7 Spellcasting


You couldn't memorise any spells.
You knew the following spells:

 Your Spells              Type           Power      Damage    Failure   Level
a - Magic Dart            Conj           60%        1d6       4%          1
b - Blink                 Tloc           30%        N/A       8%          2
c - Call Imp              Summ           15%        N/A       8%          2
d - Slow                  Hex            60%        N/A       4%          1
e - Conjure Flame         Conj/Fire      15%        6-21      16%         3
f - Mephitic Cloud        Conj/Pois/Air  15%        N/A       16%         3
g - Shock                 Conj/Air       60%        1d6       4%          1
Your spell library was empty.

Dungeon Overview and Level Annotations

Branches:
Dungeon (4/15)
 Temple: D:4-7

Altars:

Shops:
D:3 [

Annotations:
D:3 2 transporters, bronco's ghost, amateur TrMo


Innate Abilities, Weirdness & Mutations

You are immune to sickness and miasma.
You are immune to poison.
Your flesh is very heat resistant. (rF++)
You are vulnerable to cold. (rC-)
You float through the air rather than walking.
You learn spells naturally, not from books.
Your magical power is your life essence.
You have superior vitality. (+4 MHP)


Message History

The magic dart hits the ice beast.
The ice beast is moderately wounded.
Casting: Magic Dart (safe; 4% risk of failure)
Confirm with . or Enter, or press ? or * to list all spells.
Aiming: Magic Dart (safe; 4% risk of failure)
Press: ? - help, Shift-Dir - straight line, f/p - ice beast
Aim: an ice beast (moderately wounded, 100% to hit)
The magic dart hits the ice beast.
The ice beast is heavily wounded.
Casting: Magic Dart (safe; 4% risk of failure)
Confirm with . or Enter, or press ? or * to list all spells.
Aiming: Shock (safe; 4% risk of failure)
Press: ? - help, Shift-Dir - straight line, f/p - ice beast
Aim: an ice beast (heavily wounded, 71% to hit)
The zap hits the ice beast.
The ice beast is heavily wounded.
Casting: Shock (safe; 4% risk of failure)
Confirm with . or Enter, or press ? or * to list all spells.
Aiming: Shock (safe; 4% risk of failure)
Press: ? - help, Shift-Dir - straight line, f/p - ice beast
Aim: an ice beast (heavily wounded, 71% to hit)
The zap hits the ice beast.
The ice beast is severely wounded.
Casting: Shock (safe; 4% risk of failure)
Confirm with . or Enter, or press ? or * to list all spells.
Aiming: Magic Dart (safe; 4% risk of failure)
Press: ? - help, Shift-Dir - straight line, f/p - ice beast
Aim: an ice beast (severely wounded, 100% to hit)
The magic dart hits the ice beast but does no damage.
The ice beast is severely wounded.
The ice beast hits you. The ice beast freezes you!
You feel a terrible chill!
Casting: Magic Dart (safe; 4% risk of failure)
Confirm with . or Enter, or press ? or * to list all spells.
Aiming: Magic Dart (safe; 4% risk of failure)
Press: ? - help, Shift-Dir - straight line, f/p - ice beast
Aim: an ice beast (severely wounded, 100% to hit)
The magic dart hits the ice beast but does no damage.
The ice beast is severely wounded.
The ice beast hits you. The ice beast freezes you!
You feel a terrible chill!
You die...

#......#
#......#
#.....(#
#......#
#......#
#......#
#......#
#...Y..#
#...@..#
#...<..#
#).....#
#......#
########


You could see an ice beast.

Vanquished Creatures
  3 adders
  2 orcs (D:3)
  9 endoplasms
  4 giant cockroaches
  3 goblins
  5 hobgoblins
  2 jackals (D:1)
  9 kobolds
  2 quokkas
  9 ball pythons
  2 bats
  3 frilled lizards
  8 rats
61 creatures vanquished.

Vanquished Creatures (collateral kills)
  A giant cockroach (D:1)
1 creature vanquished.

Grand Total: 62 creatures vanquished

Notes
Turn   | Place    | Note
-------+----------+-------------------------------------------
     0 | D:1      | Sanktem7 the Djinni Hedge Wizard began the quest for the
                  | Orb.
     0 | D:1      | Reached XP level 1. HP: 15/15 MP: 0/0
   333 | D:1      | Reached XP level 2. HP: 16/21 MP: 0/0
   592 | D:1      | Reached skill level 3 in Spellcasting
   771 | D:1      | Found a faded altar of an unknown god.
   977 | D:1      | Reached XP level 3. HP: 23/25 MP: 0/0
   977 | D:1      | Learned a level 1 spell: Shock
  2812 | D:2      | Reached XP level 4. HP: 28/31 MP: 0/0
  3539 | D:3      | Noticed bronco's ghost (amateur TrMo)
  3540 | D:3      | Found a transporter.
  3542 | D:3      | Identified the +4 giant club of Forced Transition {vamp,
                  | rC- rN++ Str+9 Dex+2}
  3542 | D:3      | Noticed an ogre
  3543 | D:3      | Found a transporter.
  4034 | D:3      | Found Tepaj's Armour Boutique.
  4628 | D:4      | Noticed an ice beast
  4642 | D:4      | Slain by an ice beast

Illustrated notes

Levels and vault maps discovered:
D:1:      dpeg_arrival_rooms_b, layout_loops_ring,
          hellmonk_ecumenical_altar_blasted, grunt_decor_mini_mirrors,
          hex_large, st_stairs_11
D:2:      layout_basic, st_stairs_12, grunt_ministairs_4, minmay_statues_item
D:3:      layout_basic, gammafunk_ghost_smash, serial_shops, shop,
          corexii_corridor_pit
D:4:      layout_gridville

Skill      XL: |  1  2  3  4 |
---------------+-------------+-----
Spellcasting   | 3 |  3.7
Stealth        | 2 |  2.1
Dodging        | |  2.7

Action                   |  1- 3 |  4- 6 || total
-------------------------+-------+-------++-------
Melee: Short sword       |     3 |     5 ||     8
       Dagger            |     1 |       ||     1
 Cast: Magic Dart        |    92 |    48 ||   140
       Call Imp          |     2 |       ||     2
       Shock             |       |     2 ||     2
  Use: Scroll            |       |     3 ||     3
Armor: Robe              |     1 |       ||     1
       Leather armour    |       |     8 ||     8
Dodge: Dodged            |    12 |    14 ||    26
